[Event "*** Titled Tuesday Blitz"]
[Site "Chess.com"]
[Date "2021.03.09"]
[Round "1"]
[White "Vandros57"]
[Black "AlexSuv"]
[Result "0-1"]
[WhiteElo "2207"]
[BlackElo "2536"]
[TimeControl "180+1"]
[EndTime "10:07:51 PST"]
[Termination "AlexSuv won on time"]

1. d4 Nf6 2. c4 e6 3. Nf3 d5 4. Nc3 Bb4 5. cxd5 exd5 6. Bg5 h6 7.
Bxf6 Qxf6 8. Qa4+ Nc6 9. e3 O-O 10. Bb5 Bd7 11. Bxc6 Bxc3+ 12. bxc3 Bxc6 13. Qb3 b6 14. O-O Bb7 15. Ne5 Rfd8 16. f4 Qf5 17. Qb1 Qxb1 18. Raxb1 f6 19. Ng6 Kf7 20. f5 Ba6 21.
Rf3 Bd3 22. Rc1 Be4 23. Rf2 c5 24. g4 Rac8 25. Nf4 cxd4 26. Ne6 Rd6 27. Nxd4 h5 28.
h3 hxg4 29. hxg4 Rd7 30. Kh2 Rh8+ 31. Kg3 Rdd8 32. Rh2 Rxh2 33. Kxh2 Bd3 34. Kg3 Bc4 35. a3 Rh8 36. Kg2 Bd3 37. Kg3 g6 38. fxg6+ Kxg6 39. Nf3 Re8 40. Nh4+ Kf7 41. Re1 Rc8 42. Rc1 Rc4 43.
Nf3 Ra4 44. Ra1 Rc4 45. Rc1 Be4 46. Nd4 Rc8 47. Ne2 Ke6 48. Nd4+ Ke5 49. Kf2 Rh8 50. Kg3 Rg8 51. Ne2 f5 52. Kf2 Rxg4 0-1

[Event "*** Titled Tuesday Blitz"]
[Site "Chess.com"]
[Date "2021.03.09"]
[Round "1"]
[White "MrrRefrao"]
[Black "German_Bazeev"]
[Result "0-1"]
[WhiteElo "2401"]
[BlackElo "2738"]
[TimeControl "180+1"]
[EndTime "10:07:52 PST"]
[Termination "German_Bazeev won on time"]

1. e4 c6 2. d4 d5 3. e5 Na6 4. Nd2 Nc7 5. Ngf3 g6 6. Nb3 Bg7 7. h3 Nh6 8. Bf4 f6 9. Qd2 Nf7 10. Qe3 O-O 11. Bd3 Ne6 12. Bh2 Bh6 13. Qe2 Nf4 14. Bxf4 Bxf4 15. e6 Ng5 16. Nxg5 fxg5 17. g3 Rf6 18. Nc5 Bd6 19. O-O-O Bxc5 20. dxc5 Rxe6 21.
Qd2 Qf8 22. h4 Rf6 23. Rh2 g4 24. h5 g5 25. Qxg5+ Kh8 26. h6 Qf7 27. Re1 Be6 28.
b4 Rg8 29. Qe5 Bd7 30. Qxe7 Re8 31. Qxf7 Rxe1+ 32. Kd2 Rxf7 33. Kxe1 Rf6 34. Kd2 Kg8 35. a3 a6 36. Ke3 Be6 37. Kd4 Bd7 38. Ke5 Re6+ 39. Kf4 Rf6+ 40. Kg5 Re6 41. c4 d4 42. b5 axb5 43. cxb5 cxb5 44. Rh1 Re5+ 45. Kf4 Rxc5 46. Re1 Kf7 0-1

[Event "*** Titled Tuesday Blitz"]
[Site "Chess.com"]
[Date "2021.03.09"]
[Round "1"]
[White "Leonid_Starozhilov"]
[Black "DamageDoers"]
[Result "1-0"]
[WhiteElo "2683"]
[BlackElo "2367"]
[TimeControl "180+1"]
[EndTime "10:07:52 PST"]
[Termination "Leonid_Starozhilov won by resignation"]

1. e4 d5 2. Nc3 dxe4 3. Nxe4 Nf6 4. Nxf6+ exf6 5. d4 Bd6 6. Bc4 O-O 7. Ne2 Be6 8. Bxe6 fxe6 9. O-O Qd7 10. c4 c6 11. b3 Bc7 12. Qc2 Qf7 13. Bf4 Na6 14. Rfe1 Rad8 15. Rad1 e5 16. dxe5 fxe5 17. Be3 Bb6 18.
Rxd8 Rxd8 19. Bxb6 axb6 20. Ng3 Qf4 21. Rd1 Rf8 22.
Qd2 Qxd2 23. Rxd2 Nc5 24. f3 g6 25. Kf2 Ra8 26. Ke3 Kf7 27. Ne2 Ke6 28. Nc3 Rf8 29. b4 Na6 30. a3 Nc7 31. Ne4 Ne8 32. Rd8 Ke7 33. Rb8 Ke6 34. Rxb7 h5 35. h4 Rf4 36.
g3 Rf8 37. Rxb6 Ng7 38. Rxc6+ Kd7 39. Rd6+ Kc7 40. g4 hxg4 41. fxg4 Ra8 42. Rxg6 Rxa3+ 43. Kf2 Ne8 44. h5 Ra2+ 45. Kg3 Re2 46. Kf3 Rb2 47. Nf2 Rxb4 48. h6 Rb3+ 49. Kg2 e4 50. h7 e3 51. h8=Q e2 52. Qe5+ Kd8 53. Qxe2 Nd6 54. Rxd6+ Kc7 55.
Qe7+ 1-0

[Event "*** Titled Tuesday Blitz"]
[Site "Chess.com"]
[Date "2021.03.09"]
[Round "1"]
[White "Fighter008"]
[Black "poneis_malditos"]
[Result "1/2-1/2"]
[WhiteElo "2611"]
[BlackElo "2326"]
[TimeControl "180+1"]
[EndTime "10:07:52 PST"]
[Termination "Game drawn - insufficient material"]

1. e4 c5 2. Nf3 e6 3. d4 cxd4 4. Nxd4 a6 5. Nc3 Qc7 6. Bd3 Nf6 7. Qe2 d6 8. f4 b5 9. Bd2 Bb7 10. O-O-O Nbd7 11. g4 Nc5 12. g5 Nfd7 13. a3 Nxd3+ 14.
cxd3 Nc5 15. Kb1 g6 16. f5 e5 17. Nc2 Nb3 18. Nb4 Nd4 19. Qf2 a5 20. Nbd5 Bxd5 21. Nxd5 Qc2+ 22. Ka1 b4 23. Be3 bxa3 24. Qxc2 Nxc2+ 25.
Kb1 Nxe3 26. Nxe3 axb2 27. Kxb2 Kd7 28. Ka2 h6 29. fxg6 fxg6 30. gxh6 Bxh6 31. Nd5 Rab8 32. Rhg1 Bf4 33. Rxg6 Rxh2+ 34. Ka3 Rhb2 35. Rg7+ Kd8 36. Rg8+ Kd7 37. Rxb8 Rxb8 38. Ka4 Kc6 39. Kxa5 Kc5 40. Ka6 Ra8+ 41. Kb7 Ra3 42. Kc7 Ra7+ 43.
Kd8 Kd4 44. Kc8 Ra3 45. Kd7 Rxd3 46. Rxd3+ Kxd3 47. Nf6 Bg5 48. Ng4 Kxe4 49. Kxd6 Kd4 50. Nxe5 1/2-1/2

[Event "*** Titled Tuesday Blitz"]
[Site "Chess.com"]
[Date "2021.03.09"]
[Round "1"]
[White "Vanina1989"]
[Black "Keures"]
[Result "1-0"]
[WhiteElo "2752"]
[BlackElo "2404"]
[TimeControl "180+1"]
[EndTime "10:07:53 PST"]
[Termination "Vanina1989 won by resignation"]

1. d4 Nf6 2. c4 e6 3. Nf3 b6 4. Bf4 Bb7 5. e3 Bd6 6. Bxd6 cxd6 7. Bd3 d5 8. cxd5 Bxd5 9. Nc3 Bb7 10. O-O d5 11. Rc1 a6 12. Ne5 Nbd7 13. f4 O-O 14.
Qf3 Rc8 15. Qh3 Ne4 16. Bxe4 dxe4 17. Rcd1 Qe7 18. Nxd7 Qxd7 19. d5 f5 20. dxe6 Qxe6 21. Rd4 Rc4 22. Rfd1 Rxd4 23. Rxd4 Rc8 24. Qh4 h6 25.
Rd8+ Kh7 26. Rxc8 Bxc8 27. Qd8 Bd7 28. h3 Bb5 29. a4 Bd3 30. Qd5 Qg6 31. Kf2 h5 32.
Qd8 Bc2 33. a5 bxa5 34. Qxa5 h4 35. Kg1 Bd3 36. Qe5 Qf7 37. Nd5 Bc4 38. Ne7 Be6 39. Nc6 Qd7 40. Nd4 Bf7 41. Qxf5+ Qxf5 42. Nxf5 g5 43. fxg5 Kg6 44. Nxh4+ Kxg5 45. g3 Be6 46. Kh2 Bg8 47. Ng2 Be6 48. Nf4 Bf7 49. Kg2 Kf5 50.
Kf2 Ke5 51. g4 Kf6 52. Kg3 Kg5 53. h4+ Kf6 54. h5 Kg5 55. Nh3+ Kf6 56. Kf4 Be6 57. Nf2 Bd5 58. Nxe4+ Bxe4 1-0

[Event "*** Titled Tuesday Blitz"]
[Site "Chess.com"]
[Date "2021.03.09"]
[Round "1"]
[White "Fy_Rakotomaharo"]
[Black "A-S-00"]
[Result "1-0"]
[WhiteElo "2716"]
[BlackElo "2391"]
[TimeControl "180+1"]
[EndTime "10:07:53 PST"]
[Termination "Fy_Rakotomaharo won by resignation"]

1. f4 d5 2. Nf3 c5 3. g3 Nc6 4.
d3 g6 5. Bg2 Bg7 6. O-O e6 7. c3 Nge7 8. e4 O-O 9. Be3 d4 10.
Bf2 Rb8 11. c4 e5 12. Nbd2 f5 13. fxe5 Nxe5 14. Nxe5 Bxe5 15. Nf3 Bg7 16. Re1 Nc6 17. a3 a6 18. h3 fxe4 19. Rxe4 Bf5 20. Re1 b5 21. g4 Bd7 22. Bg3 Rb7 23. cxb5 Rxb5 24. Qc2 Qb6 25. Re2 h6 26. Rc1 Na5 27. Ne5 Be8 28.
Be4 Nb3 29. Rce1 Kh7 30. h4 Bxe5 31. Bxe5 Bc6 32. Bd6 Rf7 33. Qc4 Rg7 34. Be5 Bxe4 35. Bxg7 Qd6 36. dxe4 Qg3+ 37. Kh1 Qh3+ 38. Rh2 Qf3+ 39.
Rg2 Qh3+ 40. Kg1 Kxg7 41. Qe6 Rb7 42. Qe5+ Kh7 43. Rf1 Qxh4 44. Qd5 Qe7 45. e5 Na5 46. e6 Rc7 47. Rf7+ Qxf7 48. exf7 Kg7 49. Qe5+ Kf8 50. Qxc7 1-0

[Event "*** Titled Tuesday Blitz"]
[Site "Chess.com"]
[Date "2021.03.09"]
[Round "1"]
[White "Nf3c5"]
[Black "BvsN"]
[Result "1-0"]
[WhiteElo "2605"]
[BlackElo "2303"]
[TimeControl "180+1"]
[EndTime "10:07:54 PST"]
[Termination "Nf3c5 won by resignation"]

1. d4 d5 2. Bf4 c5 3. e3 Nc6 4.
c3 Nf6 5. Nd2 Bf5 6. Qb3 Qc8 7.
dxc5 e6 8. Qa3 Nd7 9. Bd6 Bxd6 10. cxd6 O-O 11. Ngf3 Nde5 12. Nxe5 Nxe5 13. Nb3 Nd3+ 14.
Bxd3 Bxd3 15. Rd1 Bc4 16. Nd2 Bd3 17. Nf3 Ba6 18. Ne5 Rd8 19. Nd3 Bxd3 20. Rxd3 Qc6 21. e4 Qb5 22. Rd4 Rd7 23. c4 dxc4 24. O-O Qc6 25.
Rfd1 b5 26. Qa5 Rad8 27. e5 Qb6 28. Qxb6 axb6 29. a3 Kf8 30. f4 Rc8 31. Rc1 Rc5 32. Kf2 f6 33. Re4 Kf7 34. Ke3 Rd5 35. Rd4 fxe5 36.
Rxd5 exf4+ 37. Kxf4 exd5 38. Ke5 d4 39. Rf1+ Ke8 40.
Ke6 d3 41. Rf2 b4 42. axb4 b5 43. h4 h5 44. g3 g6 45. Rf4 Ra7 46. Kd5 Ra1 47.
Re4+ Kd8 48. Rd4 Re1 49. Kc6 Re8 50. Rf4 d2 51. Rd4 Re2 52. Kxb5 Rg2 53. Kxc4 Rxg3 54. Rxd2 Rg4+ 55. Rd4 Rxh4 56. Rxh4 1-0

[Event "*** Titled Tuesday Blitz"]
[Site "Chess.com"]
[Date "2021.03.09"]
[Round "1"]
[White "lelya96"]
[Black "TheCavemanChesss"]
[Result "0-1"]
[WhiteElo "2248"]
[BlackElo "2555"]
[TimeControl "180+1"]
[EndTime "10:07:55 PST"]
[Termination "TheCavemanChesss won by resignation"]

1. d4 Nf6 2. Nf3 d5 3. Bg5 c5 4. e3 Nc6 5. c3 Qb6 6. Qc1 Bf5 7. Nbd2 e6 8. Be2 Rc8 9. O-O Ne4 10. Bf4 Be7 11.
Nxe4 Bxe4 12. Qd2 O-O 13. h3 Qa5 14. Ne5 Nxe5 15. Bxe5 Rfd8 16. a3 c4 17. Bg4 Bg6 18.
Bh2 Rc6 19. Rfe1 Rdc8 20. Bd1 Rb6 21. a4 h6 22. f3 Bd3 23. e4 Bg5 24. f4 Bh4 25. g3 Bf6 26. Bf3 dxe4 27. Bxe4 Bxe4 28. Rxe4 Qd5 29. Rae1 Rcc6 30. g4 Rb3 31. f5 exf5 32. Re8+ Kh7 33. gxf5 Qxf5 34. Rf1 Qg6+ 35. Kh1 Re6 36.
Rxe6 fxe6 37. Be5 Bxe5 38. dxe5 Qe4+ 39. Kg1 Rb6 40. Re1 Qg6+ 41. Kh2 Rc6 42. Qd4 Rc8 43. Re4 Rf8 44. Rg4 Qc2+ 45. Rg2 Qb1 46. Qd7 Rg8 47.
Qxe6 Qe4 48. Qf7 Qxe5+ 49. Kh1 Rd8 50. Qf1 Qe4 51. Kh2 Qe5+ 52. Kh1 Rd3 53. Rg4 Qd5+ 54. Qg2 Rd1+ 55. Kh2 Rd2 0-1

[Event "*** Titled Tuesday Blitz"]
[Site "Chess.com"]
[Date "2021.03.09"]
[Round "1"]
[White "AlexPapasimakopoulos"]
[Black "Matols"]
[Result "1-0"]
[WhiteElo "2587"]
[BlackElo "2283"]
[TimeControl "180+1"]
[EndTime "10:07:56 PST"]
[Termination "AlexPapasimakopoulos won on time"]

1. d4 Nf6 2. c4 e6 3. Nc3 Bb4 4. Qc2 d5 5. cxd5 Qxd5 6. Nf3 c5 7. Bd2 Bxc3 8. Bxc3 cxd4 9. Bxd4 Nc6 10. Bxf6 gxf6 11. e3 Qa5+ 12. Qd2 Qxd2+ 13. Kxd2 e5 14. Bb5 Bd7 15.
Rhc1 a6 16. Ba4 Ke7 17. Rc5 Rhd8 18. Ke1 Nb4 19. Rc4 Nd3+ 20. Ke2 Nxb2 21. Bxd7 Nxc4 22. Bf5 h6 23. Be4 Rab8 24. Nh4 Nd6 25. Bd5 f5 26. a4 b5 27. axb5 axb5 28. f3 b4 29. Bb3 Ra8 30.
Rb1 Ra3 31. Rb2 Rc8 32. Bd5 Rcc3 33. e4 fxe4 34. fxe4 Re3+ 35. Kf2 Rec3 36. h3 b3 37. Kg1 Nc4 38. Nf5+ Kf6 39. Rf2 Ra1+ 40. Kh2 Rc2 41. Rf3 Kg6 42. Ne7+ Kg5 43. Rf5+ Kh4 44. Bxf7 Rxg2+ 45. Kxg2 Ra2+ 46. Kf3 Nd2+ 47. Ke3 Nf1+ 48. Rxf1 1-0

[Event "*** Titled Tuesday Blitz"]
[Site "Chess.com"]
[Date "2021.03.09"]
[Round "1"]
[White "Grimlock_Glasgow"]
[Black "esrosenberg"]
[Result "1-0"]
[WhiteElo "2512"]
[BlackElo "2130"]
[TimeControl "180+1"]
[EndTime "10:07:56 PST"]
[Termination "Grimlock_Glasgow won by checkmate"]

1. e4 e5 2. Nf3 Nc6 3. Bc4 Nf6 4.
d4 Nxe4 5. dxe5 Qe7 6. O-O Nxe5 7. Nxe5 Qxe5 8. Nc3 Bd6 9. g3 Nxc3 10. bxc3 O-O 11. Bf4 Qxc3 12. Bxd6 cxd6 13. Qd5 Rb8 14. Rae1 h6 15. Re7 Qf6 16. Rfe1 b5 17. Rxf7 Rxf7 18. Qxf7+ Qxf7 19. Re8+ Kh7 20. Bxf7 a5 21. h4 g6 22. h5 gxh5 23. Bxh5 Kg7 24. Bg4 Kf7 25. Bxd7 Bxd7 26. Rxb8 a4 27. Rb7 Ke6 28. c3 h5 29. Kh2 Bc6 30. Rb6 Bf3 31. Kh3 Be2 32. Kh4 Kd5 33. f4 Kc5 34. Rb8 Kc4 35. Rc8+ Kd3 36. f5 Ke4 37. Kg5 Bc4 38. f6 Bf7 39. Rc7 Bd5 40.
f7 Bxf7 41. Rxf7 Kd3 42. Rb7 Kc4 43. Rb6 d5 44. a3 d4 45. cxd4 b4 46. Rxb4+ Kd5 47.
Rxa4 Kd6 48. Ra5 h4 49. Kxh4 Kc6 50. g4 Kb6 51. Rc5 Ka6 52. g5 Ka7 53. g6 Kb6 54. g7 Ka7 55. g8=Q Kb7 56. Qe6 Ka7 57. Rd5 Kb8 58. Rd7 Kc8 59. Qe8# 1-0

[Event "*** Titled Tuesday Blitz"]
[Site "Chess.com"]
[Date "2021.03.09"]
[Round "1"]
[White "Sam_ChessMood"]
[Black "redblizzard"]
[Result "1-0"]
[WhiteElo "2877"]
[BlackElo "2454"]
[TimeControl "180+1"]
[EndTime "10:07:57 PST"]
[Termination "Sam_ChessMood won by resignation"]

1. Nf3 Nf6 2. g3 g6 3. Bg2 Bg7 4. O-O O-O 5. d4 d6 6. c4 Nbd7 7. Nc3 e5 8. e4 exd4 9. Nxd4 a6 10. h3 Re8 11. Re1 Rb8 12. Be3 Ne5 13. Qe2 c5 14. Nc2 b5 15. cxb5 axb5 16. Nxb5 Ba6 17. a4 Bxb5 18.
axb5 c4 19. Nd4 Qd7 20. Red1 Nd3 21. b3 Nxe4 22. bxc4 Nexf2 23. Rxd3 Nxd3 24. Qxd3 d5 25. cxd5 Rxb5 26. Qxb5 Qxb5 27. Nxb5 Bxa1 28. Kf2 Be5 29. g4 Rb8 30. Bf1 f5 31. gxf5 gxf5 32. Bc4 f4 33.
Bc5 Kg7 34. d6 Bf6 35. d7 Rd8 36. Be6 Bh4+ 37. Kf3 Kf6 38. Nc7 Bg3 39. h4 Bxh4 40.
Bh3 Kg7 41. Ne6+ Kg6 42. Nxd8 Bxd8 43. Kxf4 Kf7 44. Ke4 h5 45. Kd5 h4 46. Kc6 Kg6 47. Kb7 Kf7 48. Kc8 Be7 49. Bxe7 Kxe7 50. d8=Q+ 1-0

[Event "*** Titled Tuesday Blitz"]
[Site "Chess.com"]
[Date "2021.03.09"]
[Round "1"]
[White "PrinceMurad09"]
[Black "tylityli"]
[Result "1-0"]
[WhiteElo "2552"]
[BlackElo "2242"]
[TimeControl "180+1"]
[EndTime "10:07:57 PST"]
[Termination "PrinceMurad09 won on time"]

1. e4 e5 2. Nf3 Nc6 3. Bc4 Nf6 4. O-O Nxe4 5. Re1 d5 6. Bf1 Be7 7. d3 Nf6 8. Nxe5 Nxe5 9. Rxe5 O-O 10. h3 d4 11. Re1 h6 12. Bf4 Bd6 13. Qf3 c6 14. Nd2 Nd5 15. Bxd6 Qxd6 16. Nc4 Qf6 17. Qxf6 Nxf6 18.
g4 Be6 19. Bg2 Bxc4 20. dxc4 Rfe8 21. Kf1 Kf8 22. Red1 Rad8 23. Rd3 Re7 24. Rad1 c5 25. a3 a5 26. Rb3 Ne4 27. Bxe4 Rxe4 28. Rxb7 f5 29. gxf5 Rf4 30. Rb5 Rxf5 31. Rxa5 Rb8 32. b4 Rc8 33. Rxd4 cxd4 34. Rxf5+ Ke7 35. c5 Ra8 36.
Rd5 Rxa3 37. Rxd4 Rc3 38. Rd2 Rc4 39. c3 Rxc3 40. Rd4 Ke6 41. Kg2 Ke5 42. Rg4 g5 43. Rg3 Rc4 44. Rb3 h5 45. Kf3 Kd5 46. Rd3+ Ke5 47.
Re3+ Kd5 48. Rb3 Rf4+ 49. Kg3 Kc4 50. Rf3 Re4 51. Rf5 h4+ 52. Kg2 Kxb4 53. Rxg5 Kb5 54. Rg4 Re5 55. Rxh4 Kxc5 56. f4 Re1 57. Kf3 Kd5 58. Kg4 Ke6 59. Rh6+ Kf7 60. Kf5 Kg7 61. Ra6 Rh1 62. Ra3 Rh2 63. Kg4 Rg2+ 64. Rg3 Rf2 65. Kg5 Kf7 66. h4 Rh2 67. h5 Rh1 68. h6 Rh2 69. Ra3 Rg2+ 70. Kf5 Rh2 71. Ra7+ Kg8 72. Kg5 Kf8 73. h7 1-0

[Event "*** Titled Tuesday Blitz"]
[Site "Chess.com"]
[Date "2021.03.09"]
[Round "1"]
[White "lupta_robin"]
[Black "chesslh19"]
[Result "1-0"]
[WhiteElo "2591"]
[BlackElo "2289"]
[TimeControl "180+1"]
[EndTime "10:07:58 PST"]
[Termination "lupta_robin won by resignation"]

1. d4 Nf6 2. Bg5 d5 3. Bxf6 exf6 4. e3 Be6 5. Ne2 Bd6 6. g3 c6 7. Bg2 O-O 8. O-O Nd7 9. Nd2 f5 10. b3 Nf6 11. c4 Ne4 12. c5 Be7 13. b4 a5 14.
Nxe4 fxe4 15. a3 Bg4 16. h3 Bxe2 17. Qxe2 Qd7 18. Rab1 axb4 19. axb4 Ra7 20. b5 Rfa8 21. bxc6 bxc6 22. Rb6 g6 23. Rfb1 Ra1 24. Qg4 Rxb1+ 25.
Rxb1 Qxg4 26. hxg4 Kf8 27. Rb6 Rc8 28. Bf1 Bd8 29.
Rb7 Rc7 30. Rb8 Ke7 31. Ba6 Kd7 32. Bb7 h5 33. gxh5 gxh5 34. Kg2 h4 35. g4 Ke7 36. Kh2 Kd7 37. Kh3 Be7 38. Kg2 Bd8 39. f3 Be7 40. fxe4 dxe4 41. Kf2 Bd8 42. d5 cxd5 43.
c6+ Kd6 44. Rxd8+ Ke7 45. Rxd5 Ke6 46. Rd7 Rxd7 47. cxd7 Kxd7 48. Bxe4 Kd6 49. Bf5 Ke5 50. Kg2 Kf6 51. Kh2 Kg5 52. Kh3 f6 53. Kg2 Kh6 54. Kh2 Kg5 55. Kh3 Kh6 56. Kxh4 Kg7 57. Kh5 Kf7 58. Kh6 Ke7 59. Kg6 1-0

[Event "*** Titled Tuesday Blitz"]
[Site "Chess.com"]
[Date "2021.03.09"]
[Round "1"]
[White "Trickov"]
[Black "Volodar_Murzin"]
[Result "0-1"]
[WhiteElo "2364"]
[BlackElo "2676"]
[TimeControl "180+1"]
[EndTime "10:07:59 PST"]
[Termination "Volodar_Murzin won on time"]

1. d4 Nf6 2. Nf3 g6 3. g3 Bg7 4. Bg2 O-O 5. O-O d6 6. c4 Nbd7 7. Nc3 e5 8. Qc2 exd4 9. Nxd4 Nb6 10. Rd1 Nxc4 11. Ncb5 d5 12. b3 a6 13. bxc4 axb5 14. cxb5 Bd7 15. Bf4 Rc8 16. Rac1 c5 17. bxc6 bxc6 18.
Nb3 Bf5 19. Qd2 Ne4 20. Qa5 Qe7 21. Nc5 Ra8 22. Qb6 Nc3 23. Rxc3 Bxc3 24. Qxc6 Rfc8 25. Qxd5 Ra5 26. Qd6 Qxd6 27. Bxd6 Raxc5 28. Bxc5 Rxc5 29. Rc1 Be6 30. a4 Bb4 31. Rxc5 Bxc5 32. e3 Kf8 33.
Bc6 Ke7 34. h4 Kd6 35. Be8 h5 36. Kg2 Kc7 37. Kf3 Bb4 38. Kf4 Be1 39. f3 Kd8 40.
Bb5 Ke7 41. g4 Bxh4 42. gxh5 gxh5 43. e4 Bf2 44. Kg5 h4 45. f4 h3 46. f5 h2 47. fxe6 f6+ 48. Kf5 h1=Q 49. e5 Qh5+ 0-1

[Event "*** Titled Tuesday Blitz"]
[Site "Chess.com"]
[Date "2021.03.09"]
[Round "1"]
[White "abeljusto"]
[Black "atbenina64"]
[Result "1/2-1/2"]
[WhiteElo "2149"]
[BlackElo "2484"]
[TimeControl "180+1"]
[EndTime "10:08:00 PST"]
[Termination "Game drawn by repetition"]

1. d4 Nf6 2. Bf4 g6 3. e3 Bg7 4. Nf3 d6 5. h3 O-O 6. Be2 b6 7. O-O Bb7 8. c4 Nbd7 9. Nc3 c5 10. d5 a6 11. a4 Qc7 12. e4 Rae8 13. Bd3 Nh5 14.
Bh2 h6 15. Re1 e5 16. dxe6 Rxe6 17. Qc2 Ne5 18. Be2 Nxf3+ 19. Bxf3 Nf6 20. Nd5 Bxd5 21. exd5 Rxe1+ 22. Rxe1 Re8 23. Rxe8+ Nxe8 24. b3 Be5 25. g3 Nf6 26. Kg2 Qe7 27. Qe2 Kg7 28. Bg1 Nd7 29.
Qe3 Qf6 30. Be2 Bd4 31. Qe8 Ne5 32. f4 Bxg1 33. Kxg1 Nd3 34. Bxd3 Qd4+ 35. Kg2 Qxd3 36. Qc6 Qc2+ 37. Kg1 Qxb3 38. Qxd6 Qxg3+ 39. Kf1 Qxh3+ 40. Ke2 Qg2+ 41. Kd3 Qf3+ 42. Kc2 Qe2+ 43. Kc3 Qe3+ 44. Kc2 Qe4+ 45. Kb3 Qd3+ 46. Kb2 Qxc4 47. Qe5+ Kh7 48. d6 Qb4+ 49. Kc1 Qxa4 50. Qe7 Qxf4+ 51. Kc2 Qf5+ 52. Kc1 Qf1+ 53. Kc2 Qc4+ 54. Kd1 Qd3+ 55. Ke1 Qg3+ 56.
Kd2 Qf2+ 57. Kd1 Qd4+ 58. Ke2 Qc4+ 59. Ke1 Qc3+ 60. Kd1 Qd4+ 61. Ke1 Qa1+ 62. Kd2 Qa2+ 63. Ke1 Qa5+ 64. Kd1 Qa4+ 65. Ke1 Qb4+ 66. Kd1 Qg4+ 67.
Ke1 Qb4+ 68. Kd1 Qb3+ 69. Ke2 Qc2+ 70. Ke1 Qc3+ 71. Kd1 Qd3+ 72. Ke1 Qb1+ 73. Kd2 Qa2+ 74. Ke1 Qa1+ 75. Kd2 Qd4+ 76. Ke1 Qb4+ 1/2-1/2

[Event "*** Titled Tuesday Blitz"]
[Site "Chess.com"]
[Date "2021.03.09"]
[Round "1"]
[White "Maddie"]
[Black "KacperPolOK"]
[Result "0-1"]
[WhiteElo "2071"]
[BlackElo "2502"]
[TimeControl "180+1"]
[EndTime "10:08:00 PST"]
[Termination "KacperPolOK won by checkmate"]

1. d4 e6 2. c4 f5 3. Nc3 Nf6 4. Nf3 Bb4 5. Bd2 b6 6. e3 Bb7 7. Be2 O-O 8. O-O d6 9. a3 Bxc3 10. Bxc3 Nbd7 11. b4 Qe7 12. Qb3 c5 13. dxc5 dxc5 14.
b5 e5 15. Rfd1 Rfd8 16. Rd2 e4 17. Ne1 Ne5 18. Rad1 Neg4 19. h3 Ne5 20. Qb2 Nf7 21.
Bxf6 Qxf6 22. Qxf6 gxf6 23. Rxd8+ Rxd8 24. Rxd8+ Nxd8 25. g3 Nf7 26. Ng2 Ne5 27. Nf4 Kf7 28. Bh5+ Ng6 29. Bxg6+ hxg6 30. Kf1 g5 31. Ng2 Bc8 32.
Ke2 Be6 33. h4 Bxc4+ 34. Kd2 Bxb5 35. hxg5 fxg5 36. Ne1 Ba4 37. Ng2 Kf6 38. Kc3 b5 39. Ne1 a5 40. f4 exf3 41. Nxf3 Bd1 42. Nd2 Be2 43. Nb3 b4+ 44. axb4 cxb4+ 45. Kd2 a4 46.
Nc5 Bb5 47. Kc2 Ke5 48. Kd2 Kd5 49. Nb7 Bc4 50. Na5 Kc5 51. Nb7+ Kd5 52. Nd8 a3 53. Kc2 b3+ 54. Kc3 b2 55. Kc2 Bd3+ 56. Kxd3 b1=Q+ 57. Ke2 a2 58. Kf3 Qe4+ 59. Kf2 a1=Q 60. Nc6 Qa2+ 61. Kg1 Qeb1# 0-1

[Event "*** Titled Tuesday Blitz"]
[Site "Chess.com"]
[Date "2021.03.09"]
[Round "1"]
[White "BegmuratovKh2010"]
[Black "Fraler15"]
[Result "1-0"]
[WhiteElo "2570"]
[BlackElo "2266"]
[TimeControl "180+1"]
[EndTime "10:08:01 PST"]
[Termination "BegmuratovKh2010 won on time"]

1. e4 c5 2. Nc3 Nc6 3. g3 g6 4. Bg2 Bg7 5. d3 e6 6. f4 Nge7 7. Nf3 d5 8. O-O O-O 9. Qe2 Rb8 10. a4 a6 11. g4 b5 12. axb5 axb5 13. e5 Qb6 14. Kh1 Nd4 15. Nxd4 cxd4 16. Nd1 Bd7 17. Bd2 Rbc8 18. Bb4 Rfe8 19. Nf2 Qc6 20. Rac1 Ra8 21. Bxe7 Rxe7 22. g5 Ree8 23. Ng4 Rec8 24. Nf6+ Bxf6 25. gxf6 Qc5 26. Qf2 Ra2 27. Qh4 Rxb2 28. Rf3 Qf8 29. f5 Rbxc2 30. Rg1 exf5 31. Rh3 h5 32. Bxd5 Rc1 33.
Rg3 Rxg1+ 34. Rxg1 Kh7 35. Qxd4 Bc6 36. Bxc6 Rxc6 37. Qd5 Rc8 38. d4 Qe8 39. Qg2 Qc6 40. d5 Qe8 41. e6 Rc4 42. e7 Qd7 43. d6 Rg4 44. Qa8 Rxg1+ 45. Kxg1 Qxd6 46. e8=Q Qd1+ 47. Kf2 Qd2+ 48. Kf3 Qf4+ 49. Kxf4 1-0

[Event "*** Titled Tuesday Blitz"]
[Site "Chess.com"]
[Date "2021.03.09"]
[Round "1"]
[White "GMBenjaminFinegold"]
[Black "floplover"]
[Result "1/2-1/2"]
[WhiteElo "2606"]
[BlackElo "2323"]
[TimeControl "180+1"]
[EndTime "10:08:02 PST"]
[Termination "Game drawn by repetition"]

1. d4 d5 2. c4 e6 3. Nc3 Bb4 4. Nf3 Nf6 5. cxd5 exd5 6. Bg5 h6 7. Bh4 Nbd7 8. e3 g5 9. Bg3 Ne4 10. Qb3 c5 11. dxc5 Bxc3+ 12. bxc3 Ndxc5 13. Qa3 Nxg3 14. hxg3 Ne4 15. Rd1 Qe7 16. Bb5+ Kf8 17. Qb2 Be6 18. c4 Qf6 19. Qa3+ Kg7 20. cxd5 g4 21. dxe6 gxf3 22.
O-O fxg2 23. Kxg2 Qxe6 24. Qb2+ Qf6 25. Qxf6+ Nxf6 26. Rd4 Rac8 27. e4 Rc5 28. a4 a6 29.
Be2 Re8 30. Bf3 Rce5 31. Re1 b5 32. Rb4 bxa4 33. Rxa4 a5 34. Rea1 Nxe4 35. Rxa5 Rxa5 36. Rxa5 Ng5 37. Bg4 Rd8 38. Ra2 Rd6 39. f4 Ne6 40.
Bxe6 Rxe6 41. Kf3 Rd6 42. Ke4 Rc6 43. Ra5 Rc3 44. g4 Rc6 45. Rd5 Rb6 46. Kf5 Ra6 47. Ke5 Rb6 48. Ke4 Ra6 49. Rd4 Rb6 50. Rd3 Ra6 51.
Kf3 Rb6 52. Kg3 Ra6 53. Kh4 Rb6 54. Rd5 Rb4 55. Rf5 Rb1 56. Re5 Rh1+ 57. Kg3 Rg1+ 58. Kf3 Ra1 59. Re3 Ra4 60. Kg3 Rb4 61. Rd3 Ra4 62. Rf3 Rb4 63. Kh4 Ra4 64. Rf2 Rb4 65. Rf1 Ra4 66. Kh5 Rb4 67. f5 Rc4 68. f6+ Kh7 69. Rf5 Rc1 70. Kh4 Rh1+ 71. Kg3 Rg1+ 72.
Kf4 Re1 73. Rc5 Kg6 74. Rc6 Rf1+ 75. Ke5 Re1+ 76. Kf4 Rf1+ 77. Ke5 Re1+ 78. Kd5 Rf1 79. Ke5 1/2-1/2

[Event "*** Titled Tuesday Blitz"]
[Site "Chess.com"]
[Date "2021.03.09"]
[Round "1"]
[White "thisunaa"]
[Black "Sergey85Rodchenkov"]
[Result "0-1"]
[WhiteElo "1978"]
[BlackElo "2493"]
[TimeControl "180+1"]
[EndTime "10:08:02 PST"]
[Termination "Sergey85Rodchenkov won by resignation"]

1. e4 c5 2. Nf3 d6 3. d4 cxd4 4. Nxd4 Nf6 5. Nc3 a6 6. Bg5 Nbd7 7. Bc4 e6 8. Bb3 b5 9. a3 Qc7 10. Qd2 Bb7 11. f3 Nc5 12. O-O Be7 13. Rad1 O-O 14. Be3 Nxb3 15. Nxb3 Rac8 16. Qf2 d5 17. Bb6 Qb8 18. exd5 Nxd5 19. Nxd5 Bxd5 20. Bc5 Qc7 21.
Bxe7 Qxe7 22. Rd2 Rc7 23. Re1 Qf6 24. Nd4 h6 25. c3 Rb8 26. Nc2 a5 27. Ne3 Bb3 28.
Ng4 Qe7 29. Qg3 Kh7 30. Qe5 Rd8 31. Rxd8 Qxd8 32. Qe3 f6 33. Nf2 e5 34. Ne4 Qd5 35. Nd2 Bc2 36. Rc1 Bg6 37. Rd1 Rd7 38. c4 bxc4 39. Kf2 Bc2 40. Ke1 Bxd1 41. Kxd1 Qd3 42. Qxd3+ cxd3 43. Ke1 f5 44. Kf2 g5 45. Ke3 Kg6 46. Nc4 Kf6 47. Kd2 e4 48. fxe4 fxe4 49. Ne3 Rb7 50. g4 Rxb2+ 51. Kc3 Rxh2 52. Kd4 Re2 53. Kxe4 d2 54. Kd3 Rxe3+ 55. Kxd2 Rxa3 56. Ke2 Ke5 57. Kf2 Kd4 58. Kg2 Rc3 59. Kf2 a4 60.
Ke2 a3 61. Kd2 a2 0-1

[Event "*** Titled Tuesday Blitz"]
[Site "Chess.com"]
[Date "2021.03.09"]
[Round "1"]
[White "Barbus89"]
[Black "Pelopidass"]
[Result "1/2-1/2"]
[WhiteElo "2286"]
[BlackElo "2569"]
[TimeControl "180+1"]
[EndTime "10:08:03 PST"]
[Termination "Game drawn by repetition"]

1. Nf3 Nf6 2. g3 g6 3. Bg2 Bg7 4. O-O O-O 5. d4 d6 6. c4 Nc6 7.
Nc3 Bg4 8. b3 Nd7 9. Bb2 Bxf3 10. Bxf3 Nxd4 11. Bxb7 Rb8 12. Bg2 c5 13. Qd2 a5 14. e3 Ne6 15. Nd5 Bxb2 16. Qxb2 Nc7 17. Nc3 Nb6 18. Qc2 Qd7 19. a4 Na6 20. Nb5 Nb4 21. Qc3 h5 22. h4 Qg4 23. Kh2 Rbd8 24. Bh3 Qf3 25. Bg2 Qg4 26. Bh3 Qe4 27. Bg2 Qc2 28. Qxc2 Nxc2 29. Rad1 Nb4 30. Rd2 f5 31. f4 Kf7 32. e4 fxe4 33. Bxe4 Nd7 34. Re1 Nf6 35.
Rde2 e6 36. Bf3 Rfe8 37. Nc7 Re7 38. Nxe6 Rde8 39. Ng5+ Kf8 40. Rxe7 Rxe7 41. Rxe7 Kxe7 42. Be4 Ng4+ 43. Kg2 Kf6 44. Kf3 Na2 45. Bb1 Nc1 46. Bc2 Na2 47. Ne4+ Ke7 48. Ng5 Kf6 49. Ne4+ Ke7 50.
Ng5 Kf6 1/2-1/2